 Dungeon Crawl Stone Soup version 0.20-a0-640-g62ed22f (webtiles) character file.

67 HEYYEYAAE the Cudgeler (level 3, -5/37 HPs)
             Began as a Troll Berserker on Feb 12, 2017.
             Was a Believer of Trog.
             Slain by Sigmund
             ... wielding a cursed +0 scythe
              (14 damage)
             ... on level 2 of the Dungeon.
             The game lasted 00:00:56 (923 turns).

HEYYEYAAE the Cudgeler (Troll Berserker)             Turns: 923, Time: 00:00:57

Health: -5/37      AC:  5    Str: 26    XL:     3   Next: 98%
Magic:  2/2        EV: 10    Int:  3    God:    Trog [**....]
Gold:   47         SH:  0    Dex:  9    Spells: 2/2 levels left

rFire    . . .     SeeInvis .   a - +0 mace
rCold    . . .     Gourm    +   b - +0 animal skin
rNeg     . . .     Faith    .   (no shield)
rPois    .         Spirit   .   (helmet restricted)
rElec    .         Reflect  .   (no cloak)
rCorr    .         Harm     .   (gloves unavailable)
MR       .....                  (boots unavailable)
Stlth    +.........             (no amulet)
Regen    0.6/turn               (no ring)
MPRegen  0.1/turn               (no ring)

@: no status effects
A: unfitting armour, claws 3, fast metabolism 3, gourmand, regeneration 1,
shaggy fur 1, tough skin 2
a: Berserk, Trog's Hand, Burn Spellbooks, Renounce Religion


You were on level 2 of the Dungeon.
You worshipped Trog.
Trog was pleased with you.
You were completely stuffed.

You visited 1 branch of the dungeon, and saw 2 of its levels.

You collected 47 gold pieces.

Inventory:

Hand Weapons
 a - a +0 mace (weapon)
Armour
 b - a +0 animal skin (worn)
Jewellery
 d - an uncursed ring of see invisible {unknown}
 j - an uncursed ring of poison resistance {unknown}
Wands
 m - a wand of scattershot (3/9)
Scrolls
 e - 2 scrolls of remove curse {unknown}
 f - a scroll of amnesia {unknown}
 i - 3 scrolls of identify {unknown}
 l - a scroll of teleportation {unknown}
Potions
 g - a potion of heal wounds {unknown}
 h - a potion of mutation {unknown}
Comestibles
 c - 3 bread rations
 k - 3 fruits


   Skills:
 + Level 3.3 Fighting
 + Level 3.6 Maces & Flails
 - Level 2.4 Dodging


You had 2 spell levels left.
You didn't know any spells.

Dungeon Overview and Level Annotations

Branches:
Dungeon (2/15)

Altars:

Annotations:
D:2 Sigmund


Innate Abilities, Weirdness & Mutations

You are too large for most types of armour.
You have claws for hands.
Your metabolism is lightning-fast.
You like to eat raw meat.
Your natural rate of healing is unusually fast.
You are covered in fur. (AC +1)
You have very tough skin. (AC +2)


Message History

No target in view!
No target in view!
No target in view!
No target in view!
No target in view!
No target in view!
No target in view!
No target in view!
No target in view!
No target in view!
No target in view!
You see here 9 gold pieces.
You hit something. Something hits you.
You hit something but do no damage. Something hits you!
You miss something. Something hits you.
You miss something. Something hits you!
* * * LOW HITPOINT WARNING * * *
You sock something! You barely miss something. Something hits you!
You die...

....#..####.#######.#...#
.............. #.#.#.#
..#.........#######.#.#..#
.....######......##.#.##.#
.##### ###........#.# ##
##...........#
#.......%....#
#............#
#..{@........#
##..........##
##...##...## ##########


There were no monsters in sight!

Vanquished Creatures
  A gnoll (D:1)
  2 adders (D:2)
  A worm (D:2)
  2 dart slugs
  A leopard gecko (D:1)
  5 goblins
  5 hobgoblins
  A quokka (D:2)
  6 bats
  6 kobolds
  2 rats (D:1)
32 creatures vanquished.

Notes
Turn   | Place    | Note
-------+----------+-------------------------------------------
     0 | D:1      | HEYYEYAAE the Troll Berserker began the quest for the Orb.
     0 | D:1      | Reached XP level 1. HP: 22/22 MP: 0/0
   255 | D:1      | Reached XP level 2. HP: 29/29 MP: 1/1
   607 | D:1      | Reached XP level 3. HP: 37/37 MP: 2/2
   716 | D:2      | Reached ** piety under Trog
   913 | D:2      | Noticed Sigmund
   923 | D:2      | Slain by Sigmund

Vault maps used:
D:1:      wheals_arrival_linesprint
D:2:      grunt_ministairs_13, minmay_misc_feat_diagonals, uniq_sigmund

Skill      XL: |  1  2 |
---------------+-------+-----
Maces & Flails | 3 |  3.6
Fighting       | 3 |  3.3
Dodging        | |  2.4

Action                   || total
-------------------------++-------
Melee: Mace              ||   115
  Eat: Chunk             ||    14
Armor: Animal skin       ||    48
Dodge: Dodged            ||    81
